 Dungeon Crawl Stone Soup version 0.28.0-49-g6dfe1f597d (webtiles) character file.

Game seed: 12666191073258229322

3138 boopmooplesden the Fighter (level 9, -1/83 HPs)
             Began as a Minotaur Berserker on May 17, 2022.
             Was an Elder of Trog.
             Slain by a two-headed ogre
             ... wielding a +0 giant club
              (21 damage)
             ... on level 8 of the Dungeon.
             The game lasted 00:08:32 (6352 turns).

boopmooplesden the Fighter (Minotaur Berserker)     Turns: 6352, Time: 00:08:33

Health: -1/83      AC:  9    Str: 22    XL:     9   Next: 61%
Magic:  17/17      EV:  8    Int:  6    God:    Trog [****..]
Gold:   299        SH:  0    Dex: 18    Spells: 8/8 levels left

rFire   + . .      SeeInvis .   n - +7 dagger of Oenomania {vamp, rC+ Will+ MP+9}
rCold   + . .      Faith    .   e - orb {guile}
rNeg    . . .      Spirit   .   d - +3 leather armour {rPois}
rPois   +          Reflect  .   (helmet restricted)
rElec   .          Harm     .   B - +2 cloak
rCorr   .          Rampage  .   (no gloves)
Will    .....                   (no boots)
Stlth   +++.......              f - amulet of regeneration
HPRegen 1.03/turn               c - ring of protection from fire
MPRegen 0.15/turn               l - +6 ring of dexterity

@: held, studying Fighting
A: horns 2, retaliatory headbutt
a: Renounce Religion, Berserk, Trog's Hand, Brothers in Arms


You were on level 8 of the Dungeon.
You worshipped Trog.
Trog was greatly pleased with you.
You visited 1 branch of the dungeon, and saw 8 of its levels.
You also visited: Sewer.

You collected 359 gold pieces.
You spent 60 gold pieces at shops.

Inventory:

Hand Weapons
 a - a +1 falchion
 b - a +0 great sword
 n - the +7 dagger of Oenomania (weapon) {vamp, rC+ Will+ MP+9}
   (You found it on level 2 of the Dungeon)

   It occasionally heals its wielder for a portion of the damage dealt when it
   wounds a living foe.
   rC:        It protects you from cold.
   MP:        It affects your magic capacity (+9).
   Will:      It increases your willpower.
Missiles
 q - 6 boomerangs (quivered)
Armour
 d - a +3 leather armour of poison resistance (worn)
 e - an orb of guile (worn)
 B - a +2 cloak (worn)
Jewellery
 c - a ring of protection from fire (left hand)
 f - an amulet of regeneration (around neck)
 i - a ring of fire
 l - a +6 ring of dexterity (right hand)
 o - a +4 ring of protection
 r - a +6 ring of dexterity
 I - a ring of protection from cold
Wands
 j - a wand of acid (9)
 A - a wand of polymorph (11)
 H - a wand of flame (19)
Scrolls
 p - 2 scrolls of teleportation
 s - a scroll of vulnerability
 u - 6 scrolls of identify
 w - a scroll of immolation
 x - 3 scrolls of enchant weapon
 E - 2 scrolls of enchant armour
Potions
 g - a potion of berserk rage {unknown}
 h - 2 potions of magic {unknown}
 m - 2 potions of degeneration
 t - a potion of flight
 z - a potion of curing {unknown}
 C - 2 potions of heal wounds {unknown}
 D - a potion of might {unknown}
 F - a potion of mutation {unknown}
 G - a potion of cancellation {unknown}
 J - 2 potions of brilliance {unknown}
 K - 3 potions of haste {unknown}


   Skills:
 + Level 9.2 Fighting
 + Level 8.5(9.3) Short Blades
 + Level 6.3(8.7) Long Blades
 + Level 5.3 Armour
 + Level 6.2 Dodging
 + Level 3.8 Stealth


You had 8 spell levels left.
You didn't know any spells.
Your spell library was empty.

Dungeon Overview and Level Annotations

Branches:
Dungeon (8/15)             Temple (0/1) D:6           Sewer (visited)
   Lair: D:8-11

Altars:
Cheibriados
Gozag
Nemelex Xobeh
Sif Muna

Shops:
D:6 *   D:8 [

Annotations:
D:8 Grum, Harold


Innate Abilities, Weirdness & Mutations

You have a pair of horns on your head.
You reflexively headbutt those who attack you in melee.


Message History

a +0 falchion; a +0 shortbow; 22 arrows
Found an escape hatch in the ceiling.
i - a ring of fire
Found a pair of gloves.
Found an escape hatch in the floor.
There is an escape hatch in the floor here.
There is an escape hatch in the floor here.
Found a glowing helmet.
Found 21 sling bullets.
Found Guttiuhor's Armour Emporium.
Found a stone staircase leading up.
A two-headed ogre comes into view.
It is wielding a +0 giant club and a +0 giant spiked club.
Found 4 boomerangs.
There is an entrance to Guttiuhor's Armour Emporium here.
q - 6 boomerangs (gained 4)
A wolf comes into view.
A wolf comes into view.
Grum the Hunter comes into view.
He is wielding a -1 spear.
Harold and a wolf come into view.
Harold shouts!
The wolf howls! x2
The two-headed ogre hits you with a +0 giant club!
The two-headed ogre hits you with a +0 giant spiked club!
A wolf comes into view.
Grum growls angrily.
You puncture the two-headed ogre!
You feel better.
The two-headed ogre is moderately wounded.
Harold throws a throwing net.
The throwing net hits you.
You become entangled in the net!
The two-headed ogre hits you with a +0 giant club!
The two-headed ogre hits you with a +0 giant spiked club!
You struggle against the net.
The wolf bites you but does no damage. The wolf closely misses you.
You furiously retaliate!
You headbutt the wolf!
You struggle against the net.
The wolf bites you but does no damage. The wolf closely misses you.
The two-headed ogre hits you with a +0 giant club!
The two-headed ogre hits you with a +0 giant spiked club!
* * * LOW HITPOINT WARNING * * *
The wolf bites you but does no damage.
You struggle against the net.
The wolf bites you but does no damage.
The two-headed ogre hits you with a +0 giant club!!
You die...

##..##### #..♣.♣.....#
#.......## #.♣...♣....#.
#........# #♣..∩..♣.....
#....>..####.♣...♣....#
......#####...♣.♣.....#
....#####..#...♣......#
.....#......#.#......##
............#.#......##.
...###..###[...h@h......
...##..## #.##..O....##.
#..#...## ###..hh.....#
........[ #.<.(.......
.....##..
..@...g......##.......
.....# .#
.......................
..####
####......###.#...........
....# #.......
####..#....... .#.....
..###.##......


You could see Harold, a two-headed ogre, Grum and 4 wolves.

Vanquished Creatures
  Pikel (D:5)
  A troll (D:7)
  Sigmund (D:5)
  Edmund (D:4)
  A water moccasin (D:8)
  3 black bears
  A sky beast (D:7)
  A necrophage (D:5)
  An ogre (D:5)
  3 centaurs
  3 phantoms
  A lemure (D:5)
  A kobold brigand (D:6)
  2 scorpions
  4 wights (D:8)
  4 jellies
  3 centaur skeletons
  2 orc priests
  A gnoll shaman (D:7)
  A hound (D:6)
  Crazy Yiuf (D:5)
  An orc wizard (D:6)
  An iguana (D:5)
  A hound skeleton (D:4)
  A mummy (D:5)
  6 gnolls (D:7)
  2 howler monkey skeletons
  A howler monkey zombie (D:5)
  Robin (D:2)
  8 adders
  2 river rats (Sewer)
  A shadow imp (D:7)
  2 white imps
  An ufetubus (D:4)
  4 worms
  4 dart slugs
  5 orcs
  9 ball pythons
  2 bats (D:1)
  10 endoplasms
  6 giant cockroaches
  11 goblins
  13 hobgoblins
  3 jackals (D:3)
  13 kobolds
  3 quokkas
  6 frilled lizards
  15 rats
169 creatures vanquished.

Notes
Turn   | Place    | Note
-------+----------+-------------------------------------------
     0 | D:1      | boopmooplesden the Minotaur Berserker began the quest for
                  | the Orb.
     0 | D:1      | Reached XP level 1. HP: 19/19 MP: 0/0
   188 | D:1      | Reached XP level 2. HP: 27/27 MP: 1/1
   216 | D:1      | Reached skill level 4 in Fighting
   241 | D:1      | Found a faded altar of an unknown god.
   540 | D:1      | Reached XP level 3. HP: 34/34 MP: 2/2
   550 | D:1      | Reached ** piety under Trog
  1746 | D:2      | Reached XP level 4. HP: 41/41 MP: 3/3
  1746 | D:2      | Noticed Robin
  1787 | D:2      | Killed Robin
  2109 | D:2      | Identified the +7 dagger of Oenomania {vamp, rC+ Will+
                  | MP+9}
  2324 | D:3      | Reached skill level 5 in Fighting
  2572 | D:3      | Reached *** piety under Trog
  2760 | D:4      | Noticed Edmund
  2761 | D:4      | Noticed a scorpion
  2833 | D:4      | Reached skill level 5 in Long Blades
  2855 | D:4      | Noticed a black bear
  2861 | D:4      | Killed Edmund
  2862 | D:4      | Reached skill level 1 in Short Blades
  2862 | D:4      | Reached XP level 5. HP: 48/48 MP: 4/4
  2867 | D:4      | Killed a black bear
  2868 | D:4      | Reached skill level 1 in Stealth
  2868 | D:4      | Reached XP level 6. HP: 56/56 MP: 5/5
  3096 | D:4      | Reached XP level 7. HP: 62/62 MP: 6/6
  3432 | D:5      | Entered Level 5 of the Dungeon
  3557 | D:5      | Found a runed translucent door.
  3558 | D:5      | Noticed Crazy Yiuf
  3597 | D:5      | Reached skill level 6 in Fighting
  3822 | D:5      | Noticed Pikel
  3851 | D:5      | Killed Pikel
  3852 | D:5      | Reached skill level 5 in Short Blades
  3852 | D:5      | Reached skill level 5 in Dodging
  3852 | D:5      | Reached XP level 8. HP: 63/71 MP: 7/7
  3929 | D:5      | Found a snail-covered altar of Cheibriados.
  3997 | D:5      | Noticed Sigmund
  4006 | D:5      | Killed Sigmund
  4147 | D:5      | Reached skill level 7 in Fighting
  4556 | D:5      | Killed Crazy Yiuf
  4639 | D:6      | Found a glowing drain.
  4651 | Sewer    | Entered a sewer
  4709 | Sewer    | Reached **** piety under Trog
  4771 | Sewer    | Found a viscous altar of Jiyva.
  4864 | D:6      | Found Kowairchich's Assorted Antiques.
  4896 | D:6      | Bought a scroll labelled PIOH DY UTEFAN for 30 gold pieces
  4896 | D:6      | Bought a scroll labelled CUUSUA FOPT for 30 gold pieces
  4896 | D:6      | Acquired a manual of Fighting
  4911 | D:6      | Found an opulent altar of Gozag.
  5107 | D:6      | Found a staircase to the Ecumenical Temple.
  5187 | D:6      | Reached XP level 9. HP: 79/79 MP: 8/8
  5226 | D:6      | Found a sparkling altar of Nemelex Xobeh.
  5252 | D:6      | Identified the +5 ring mail of the Other Side {rPois rCorr
                  | Str-5 SInv}
  5673 | D:7      | Noticed a troll
  5677 | D:7      | Killed a troll
  5678 | D:7      | Reached skill level 8 in Fighting
  5941 | D:7      | Reached skill level 5 in Armour
  6181 | D:8      | Found a shimmering blue altar of Sif Muna.
  6218 | D:8      | Reached skill level 9 in Fighting
  6332 | D:8      | Found Guttiuhor's Armour Emporium.
  6333 | D:8      | Noticed a two-headed ogre
  6347 | D:8      | Noticed Grum
  6348 | D:8      | Noticed Harold
  6352 | D:8      | Slain by a two-headed ogre

Illustrated notes

Levels and vault maps discovered:
D:1:      eino_arrival_druids_welcome, layout_loops_ring,
          shapermc_ecumenical_altar_flowoftime, serial_park_tiny_1
D:2:      layout_basic, minmay_liquid_box,
          nicolae_concentric_dashed_squares_wild, uniq_robin
D:3:      layout_loops_ring, minmay_misc_feat_plants
D:4:      layout_cave_pools, uniq_edmund
D:5:      layout_basic, chei_slow_surprise, uniq_pikel, uniq_crazy_yiuf_cottage,
          uniq_sigmund
D:6:      layout_loops_ring, nemelex_spade_bored_becter,
          nicolae_gozag_seed_capital, minmay_temple_entry_overgrown,
          serial_shops, nicolae_shop_crystal, cheibrodos_sewer_entry_drain
D:7:      layout_basic
D:8:      layout_cave_pools, nicolae_sif_muna_little_library, serial_shops,
          nicolae_diamond_shop, uniq_harold, uniq_grum

Skill      XL: |  1  2  3  4  5  6  7  8  9 |
---------------+----------------------------+-----
Long Blades    | 4 5 6 |  6.3
Fighting       | 4 5 6 7 9 |  9.2
Dodging        | 3 4 5 6 |  6.2
Short Blades   | 1 2 5 7 8 |  8.5
Stealth        | 1 2 3 |  3.8
Armour         | 4 5 |  5.3

Action                   |  1- 3 |  4- 6 |  7- 9 || total
-------------------------+-------+-------+-------++-------
Melee: Falchion          |    70 |    21 |       ||    91
       Headbutt          |    12 |    15 |    49 ||    76
       Dagger            |       |    57 |   244 ||   301
       Punch             |       |     1 |     6 ||     7
Invok: Berserk           |       |     2 |       ||     2
  Use: Scroll            |       |     7 |     7 ||    14
 Stab: Sleeping          |     1 |       |     5 ||     6
Armor: Animal skin       |    16 |    12 |       ||    28
       Leather armour    |       |     8 |    56 ||    64
Dodge: Dodged            |    57 |    48 |   132 ||   237
